 Dungeon Crawl Stone Soup version 0.31.0-11-ge490571c62 (webtiles) character file.

Game seed: 2080425210071188236

1877483 iamserjio the Slayer (level 27, 212/238 HPs)
             Began as a Merfolk Conjurer on Feb 1, 2024.
             Was the Champion of Dithmenos.
             Escaped with the Orb
             ... and 4 runes!
             The game lasted 03:02:11 (99543 turns).

iamserjio the Slayer (Merfolk Conjurer)            Turns: 99543, Time: 03:02:11

Health: 212/238    AC: 12    Str: 23    XL:     27
Magic:  39/39      EV: 53    Int: 19    God:    Dithmenos [******]
Gold:   782        SH:  0    Dex: 14    Spells: 22/50 levels left

rFire   + +          +
                       - Unarmed
rCold   . . .        z - melded +3 warlock's mirror {omnireflect}
rNeg    + . .        y - melded +2 ring mail {Will+}
rPois   ∞            D - melded +2 helmet {Int+3}
rElec   +            S - melded +1 cloak of Starlight {*Dazzle EV+4 Stlth--}
rCorr   .            W - melded +0 pair of gloves of Peplit {Rampage rElec Dex+3}
SInv    .            l - melded +2 pair of boots
Will    ++...        a - amulet of regeneration
Stlth   ++++         X - ring of the Hare {EV+10}
HPRegen 1.39/turn    G - ring of the Stallion {rF+++ rN+ Str+5}
MPRegen 0.26/turn

%: no passive effects
@: storm-form, flying, wreathed by umbra, studying 2 skills
A: cleaving, insubstantial, flying, (nimble swimmer 2), (mertail), (iridescent
scales 1), (heat vulnerability 1)
0: Orb of Zot
}: 4/15 runes: decaying, serpentine, silver, abyssal
a: Blinkbolt, Begin Untransformation, Renounce Religion, Shadow Step, Shadow
Form


You escaped.
You worshipped Dithmenos.
Dithmenos was exalted by your worship.
You were a lightning-filled tempest!
You visited 11 branches of the dungeon, and saw 51 of its levels.
You visited the Abyss 1 time.
You visited 1 bazaar.
You also visited: Trove, Sewer, Bailey, Ice Cave and Volcano.

You collected 11632 gold pieces.
You spent 10850 gold pieces at shops.

Inventory:

Missiles
 N - a throwing net {!f}
Armour
 l - a +2 pair of boots (melded)
 y - a +2 ring mail of willpower (melded)
 z - the +3 warlock's mirror (melded) {omnireflect}
   (You found it on level 5 of the Vaults)

   Omnireflect: It can block and reflect piercing ranged attacks and magical
   attacks against the wielder's willpower.
 D - a +2 helmet of intelligence (melded)
 S - the +1 cloak of Starlight (melded) {*Dazzle EV+4 Stlth--}
   (You bought it in a shop in a bazaar)

   *Dazzle:   It may blind those who miss an attack against the wearer in melee
   combat.
   EV+4:      It affects your evasion (+4).
   Stlth--:   It makes you much less stealthy.
 W - the +0 pair of gloves of Peplit (melded) {Rampage rElec Dex+3}
   (You found it on level 3 of the Elven Halls)

   Dex+3:     It affects your dexterity (+3).
   rElec:     It insulates you from electricity.
   Rampage:   It bestows one free step when moving towards enemies.
Jewellery
 a - an amulet of regeneration (around neck)
 d - the ring of Caruunad {rN+ Str+2 Int-3 Slay+6 Stlth+}
   (You found it on level 3 of the Crypt)

   [ring of positive energy]

   Str+2:     It affects your strength (+2).
   Int-3:     It affects your intelligence (-3).
   Slay+6:    It affects your accuracy & damage with ranged weapons and melee
   (+6).
   rN+:       It protects you from negative energy.
   Stlth+:    It makes you more stealthy.
 e - a ring of poison resistance
 g - a ring of willpower
 i - the ring of the Delightful Pear {rElec Will+ Int-4 Dex+3}
   (You took it off an orc warrior on level 5 of the Vaults)

   [ring of willpower]

   Int-4:     It affects your intelligence (-4).
   Dex+3:     It affects your dexterity (+3).
   rElec:     It insulates you from electricity.
   Will+:     It increases your willpower.
 n - the amulet "Manoul" {Spirit rElec Will+ rCorr Str-4}
   (You bought it in a shop in a bazaar)

   [amulet of guardian spirit]

   Spirit:    It causes incoming damage to be divided between your reserves of
   health and magic.
   Str-4:     It affects your strength (-4).
   rElec:     It insulates you from electricity.
   Will+:     It increases your willpower.
   rCorr:     It protects you from acid and corrosion.
 q - a ring of protection from cold
 r - a ring of wizardry
 G - the ring of the Stallion (right fist) {rF+++ rN+ Str+5}
   (You found it on level 3 of the Crypt)

   [ring of positive energy]

   Str+5:     It affects your strength (+5).
   rF+++:     It renders you almost immune to fire.
   rN+:       It protects you from negative energy.
 H - the ring "Xedd" {rF+ Int+4 SInv}
   (You bought it in a shop on level 1 of the Elven Halls)

   [ring of protection from fire]

   Int+4:     It affects your intelligence (+4).
   rF+:       It protects you from fire.
   SInv:      It lets you see invisible.
 J - the ring of Ithogit {*Slow rElec rC+ rCorr}
   (You bought it in a shop on level 1 of the Elven Halls)

   [ring of protection from cold]

   rC+:       It protects you from cold.
   rElec:     It insulates you from electricity.
   rCorr:     It protects you from acid and corrosion.
   *Slow:     It may slow you when you take damage.
 T - a ring of resist corrosion
 X - the ring of the Hare (left fist) {EV+10}
   (You bought it in a shop on level 1 of the Elven Halls)

   [ring of evasion]

   EV+10:     It affects your evasion (+10).
Talismans
 c - a storm talisman (active)
 k - a dragon-blood talisman
Wands
 o - a wand of light (32)
 u - a wand of roots (56)
 V - a wand of mindburst (17)
 Y - a wand of digging (15) {@v3}
 Z - a wand of paralysis (63)
Scrolls
 h - 8 scrolls of fog
 j - 15 scrolls of teleportation {@r3}
 p - 6 scrolls of silence
 t - 3 scrolls of revelation
 x - 8 scrolls of immolation
 C - 6 scrolls of summoning
 K - 7 scrolls of fear
Potions
 b - 5 potions of magic
 f - 15 potions of attraction
 m - 21 potions of curing {@q1}
 v - 4 potions of heal wounds {@q2}
 w - 2 potions of haste {@q4}
 A - 9 potions of lignification
 E - 3 potions of enlightenment
 F - 4 potions of might {@q3}
 L - 5 potions of cancellation
 M - 13 potions of mutation
 P - a potion of invisibility
 Q - 2 potions of ambrosia
 U - 2 potions of resistance {@q5}
Miscellaneous
 s - a tin of tremorstones (2/2)
 B - a phantom mirror
 I - a box of beasts
 O - a lightning rod (4/4)
 R - a phial of floods


   Skills:
 - Level 24.0 Fighting
 - Level 19.9 Dodging
 + Level 15.3 Stealth
 - Level 11.0 Shields
 - Level 24.0 Unarmed Combat
 - Level 12.0 Spellcasting
 - Level 3.2 Conjurations
 - Level 11.0 Translocations
 - Level 10.0 Ice Magic
 - Level 3.0 Air Magic
 - Level 3.0 Earth Magic
 * Level 14.2 Invocations
 - Level 13.0 Evocations
 - Level 24.0 Shapeshifting


You had 22 spell levels left.
You knew the following spells:

 Your Spells              Type           Power      Damage    Failure   Level
a - Apportation           Tloc           100%       N/A       1%          1
b - Passwall              Erth           22%        N/A       5%          3
c - Blink                 Tloc           100%       N/A       1%          2
d - Passage of Golubria   Tloc           52%        N/A       1%          4
e - Lesser Beckoning      Tloc           100%       N/A       1%          2
f - Ozocubu's Armour      Ice            49%        N/A       1%          3
g - Manifold Assault      Tloc           52%        N/A       1%          4
h - Vhi's Electric Charg  Tloc/Air       76%        N/A       3%          4
i - Irradiate             Conj/Alch      8%         3d14      65%         5

Your spell library contained the following spells:

 Spells                   Type           Power      Damage    Failure   Level
 Freeze                   Ice            100%       1d10      1%          1
 Magic Dart               Conj           92%        1d7       1%          1
 Sandblast                Erth           44%        2d11      1%          1
 Shock                    Conj/Air       92%        1d8       1%          1
 Ensorcelled Hibernation  Hex/Ice        60%        N/A       1%          2
 Momentum Strike          Conj/Tloc      76%        3d10      1%          2
 Frozen Ramparts          Ice            98%        1d15      1%          3
 Gell's Gravitas          Tloc           52%        N/A       1%          3
 Hailstorm                Conj/Ice       36%        3d9       1%          3
 Teleport Other           Tloc           52%        N/A       1%          3
 Volatile Blastmotes      Fire/Tloc      64%        2d15      1%          3
 Searing Ray              Conj           46%        2d6       2%          2
 Static Discharge         Conj/Air       46%        3-5/arc   2%          2
 Summon Ice Beast         Ice/Summ       30%        N/A       2%          3
 Foxfire                  Conj/Fire      68%        2x1d7     3%          1
 Kiss of Death            Conj/Necr      68%        2d10      3%          1
 Iskenderun's Mystic Bla  Conj/Tloc      38%        2d9       3%          4
 Stone Arrow              Conj/Erth      46%        3d9       4%          3
 Swiftness                Air            22%        N/A       5%          3
 Summon Small Mammal      Summ           44%        N/A       6%          1
 Cigotuvi's Dreadful Rot  Necr/Alch/Air  30%        N/A       6%          2
 Dimensional Bullseye     Hex/Tloc       16%        N/A       6%          4
 Call Imp                 Summ           22%        N/A       9%          2
 Jinxbite                 Hex            22%        N/A       9%          2
 Dazzling Flash           Conj/Hex       34%        N/A       10%         3
 Dispersal                Tloc           26%        N/A       10%         6
 Airstrike                Air            11%        2d(2-18)  17%         4
 Brom's Barrelling Bould  Conj/Erth      23%        2d4       17%         4
 Call Canine Familiar     Summ           11%        N/A       19%         3
 Confusing Touch          Hex            11%        N/A       19%         3
 Fugue of the Fallen      Necr           11%        N/A       19%         3
 Inner Flame              Hex/Fire       11%        N/A       19%         3
 Sigil of Binding         Hex            11%        N/A       19%         3
 Tukima's Dance           Hex            11%        N/A       19%         3
 Metabolic Englaciation   Hex/Ice        15%        N/A       22%         5
 Flame Wave               Conj/Fire      17%        2d7       30%         4
 Fulminant Prism          Conj/Alch      8%         3d7       30%         4
 Animate Armour           Summ/Erth      34%        N/A       32%         4
 Leda's Liquefaction      Alch/Erth      8%         N/A       32%         4
 Petrify                  Alch/Erth      17%        N/A       32%         4
 Summon Lightning Spire   Summ/Air       17%        N/A       32%         4
 Iskenderun's Battlesphe  Conj           23%        2d8       41%         5
 Arcjolt                  Conj/Air       11%        1d21      43%         5
 Lee's Rapid Deconstruct  Erth           11%        3d8*      43%         5
 Anguish                  Hex/Necr       5%         N/A       52%         4
 Cause Fear               Hex            5%         N/A       52%         4
 Dispel Undead            Necr           11%        3d9       52%         4
 Martyr's Knell           Necr/Summ      11%        N/A       52%         4
 Olgreb's Toxic Radiance  Alch           11%        N/A       52%         4
 Sticky Flame             Fire/Alch      11%        2d5       52%         4
 Summon Blazeheart Golem  Fire/Summ      11%        N/A       52%         4
 Ozocubu's Refrigeration  Ice            24%        4d12      63%         7
 Borgnjor's Vile Clutch   Necr/Erth      8%         N/A       65%         5
 Fireball                 Conj/Fire      8%         3d6       65%         5
 Silence                  Hex/Air        8%         N/A       65%         5
 Sculpt Simulacrum        Ice/Alch       15%        N/A       75%         6
 Alistair's Intoxication  Alch           7%         N/A       86%         5
 Yara's Violent Unravell  Hex/Alch       5%         3d4       86%         5
 Bombard                  Conj/Erth      11%        9d3       95%         6
 Plasma Beam              Fire/Air       8%         2x1d19    99%         6
 Starburst                Conj/Fire      8%         6d4       99%         6
 Death Channel            Necr           5%         N/A       100%        6
 Eringya's Noxious Bog    Alch           5%         4d6       100%        6
 Enfeeble                 Hex            5%         N/A       100%        7
 Spellforged Servitor     Conj/Summ      8%         N/A       100%        7
 Summon Hydra             Summ           5%         N/A       100%        7
 Discord                  Hex            5%         N/A       100%        8
 Ignition                 Fire           5%         3d4       100%        8
 Lehudib's Crystal Spear  Conj/Erth      11%        10d4      100%        8
 Maxwell's Capacitive Co  Air            11%        ∞         100%        8
 Dragon's Call            Summ           5%         N/A       100%        9
 Sublimation of Blood     Necr           Unusable   N/A       N/A         2

Dungeon Overview and Level Annotations

Branches:
Dungeon (15/15)            Temple (1/1) D:6            Lair (5/5) D:9
  Swamp (4/4) Lair:3        Snake (4/4) Lair:3        Slime (0/5) Lair:4
    Orc (2/2) D:9             Elf (3/3) Orc:2        Vaults (5/5) D:13
  Crypt (3/3) Vaults:2       Tomb (0/3) Crypt:3      Depths (4/4) D:15
    Zot (5/5) Depths:4      Sewer (visited)          Bailey (visited)
  IceCv (visited)         Volcano (visited)

Altars:
Ashenzari
Cheibriados
Dithmenos
Elyvilon
Fedhas
Gozag
Hepliaklqana
Kikubaaqudgha
Makhleb
Nemelex Xobeh
Okawaru
Qazlal
Ru
Sif Muna
Trog
Uskayaw
Vehumet
Wu Jian
Xom
Yredelemnul
Zin
The Shining One

Shops:
D:2 [:*[?   D:11 *   Orc:1 !:[=!   Orc:2 =[(?=   Elf:1 ==:   Elf:2 *(   Elf:3 (
Snake:2 *   Snake:4 =   Vaults:4 (

Portals:
Hell: Depths:1 Depths:2 Depths:3 Depths:4
Abyss: Depths:1 Depths:2 Depths:3 Depths:4
Pandemonium: Depths:1 Depths:2
Ziggurat: Depths:3

Annotations:
Lair:4 exclusion: 3 oklob plants
Crypt:2 Vv
Depths:3 1 transporter
Zot:1 exclusion: 4 doors
Zot:2 exclusion: orb of fire


Innate Abilities, Weirdness & Mutations

You are a lightning-filled tempest!
Your electrical attacks strike out in all directions at once.
You are incredibly evasive.
Your insubstantial body is immune to petrification, constriction, and being set on fire You are flying.
Your armour is entirely melded.
You are incapable of wielding weapons or throwing items.
You are immune to poison.
((You are very nimble when in or above water. (Stealth+, EV+, Speed+++)))
((Your lower body shifts to a powerful aquatic tail in water.))
((You are partially covered in iridescent scales. (AC +2)))
((You are vulnerable to heat. (rF-)))


Message History

There is a stone staircase leading up here.
You fly upwards.
There is a stone staircase leading down here.
There is an escape hatch in the ceiling here.
A mysterious force pulls you upwards. The hatch slams shut behind you.
There is a stone staircase leading up here.
You fly upwards.
There is a stone staircase leading down here.
A great orb of eyes comes into view.
There is a stone staircase leading up here.
You fly upwards.
There is a stone staircase leading down here.
You see here a +0 club.
Things that are here:
a +0 club; a +0 club; a +0 dagger You see here a +0 animal skin.
There is a stone staircase leading up here.
You fly upwards.
There is a stone staircase leading down here.
An Orb Guardian comes into view.
The Orb Guardian attacks as it pursues you!
The Orb Guardian completely misses you.
The Orb Guardian attacks as it pursues you!
The Orb Guardian completely misses you. The Orb Guardian completely misses you.
Aiming: Dig
Press: ? - help, Shift-Dir - straight line A rock wall.
This square is wreathed by an umbra and is covered in magical glow.
The rock shatters into small pieces.
The Orb Guardian completely misses you. x2
Okay, then.
The Orb Guardian attacks as it pursues you!
The Orb Guardian hits you!! The Orb Guardian completely misses you.
The Orb Guardian attacks as it pursues you!
The Orb Guardian hits you but does no damage.
The Orb Guardian completely misses you.
There is a staircase leading out of the dungeon here.
The Orb Guardian closely misses you.
You have escaped!

..# #.#..#.#.#.#...#.#.#..### ..#
#.##.#.#.#.#####.#.....>#
..#######....#.#.#.......###.##.#
........######.#.#.#########.##.#
###.###....................#.##.#
#.# ###.##############.#...##.#
#.# #.#..........#...###.##.# #.#
#.#.###........#.#....... #.#
#.#.#...vX...#.#.#.#.##.# #.#
#.#.#.########.#.#.#.##.# #.#
#...#..........#.#.#....#
###.######################.#..###
..........^...........# #.#..#
###.###...###########.# ##...##
#...'...............###....#
###.###...##############...#.#
.....##...# ##...#.#.#


You could see an Orb Guardian.

Vanquished Creatures
  A dread lich (Zot:5)
  Frederick (Crypt:2)
  Mara (Swamp:3)
  4 orbs of fire
  2 ancient liches (Zot:5)
  Mennas (Vaults:2)
  4 juggernauts
  Josephina (Depths:2)
  Sojobo (Depths:4)
  Bai Suzhen (Crypt:3)
  A royal mummy (Crypt:3)
  Saint Roka (Vaults:2)
  Boris (Crypt:1)
  6 Killer Klowns
  2 curse toes
  A caustic shrike (Depths:1)
  9 golden dragons
  2 electric golems (Zot:5)
  A bone dragon (Abyss:3)
  A Brimstone Fiend (Depths:2)
  2 doom hounds (Depths:2)
  Mlioglotl (Swamp:4)
  15 tentacled monstrosities
  3 liches
  A walking frostbound tome (Depths:2)
  26 Orb Guardians
  Grunn (Depths:2)
  A walking divine tome (Depths:4)
  4 deep elf blademasters
  7 quicksilver dragons
  8 titans
  3 sphinxes
  5 deep elf master archers (Elf:3)
  4 ancient champions
  A tentacled starspawn (Abyss:3)
  6 death cobs
  Aizul (Elf:3)
  10 tengu reavers
  8 shadow dragons
  15 storm dragons
  13 nagarajas
  2 revenants
  8 fire giants
  2 draconian monks
  2 daevas (Abyss:3)
  9 draconian knights
  4 draconian shifters
  13 frost giants
  6 deep elf sorcerers
  2 iron dragons
  A curse skull (Crypt:2)
  2 balrugs
  3 angels (Abyss:3)
  7 draconian scorchers
  6 ghouls
  A caustic shrike zombie (Crypt:2)
  9 draconian annihilators
  3 ghost moths
  7 deep elf elementalists (Elf:3)
  11 vault wardens
  3 reapers
  4 orc warlords
  4 draconian stormcallers
  23 ironbound preservers
  7 very ugly things
  A cacodemon (Abyss:3)
  12 stone giants
  5 ironbound thunderhulks
  5 deep elf demonologists
  18 black draconians
  11 purple draconians
  8 vampire knights
  5 deep elf annihilators
  17 white draconians
  11 green draconians
  6 deep elf death magi
  5 eleionomae
  4 war gargoyles
  A spark wasp (Depths:2)
  13 yellow draconians
  4 bunyips
  10 red draconians
  2 blizzard demons
  3 mummy priests (Crypt:3)
  4 eidola
  Snorg (D:13)
  6 crystal guardians
  A green death (Depths:2)
  16 ettins
  15 jiangshi
  An entropy weaver (Vaults:3)
  8 great orbs of eyes
  5 yaktaur captains
  30 vault guards
  A spriggan zombie (Crypt:1)
  2 deep elf high priests
  9 fire dragons
  6 ice dragons
  3 salamander tyrants (Snake:4)
  4 rakshasas
  20 hydras
  A shambling mangrove (Swamp:4)
  Erolcha (D:13)
  A fenstrider witch zombie (Crypt:3)
  3 spriggan air magi
  3 hell beasts
  A fenstrider witch skeleton (Crypt:3)
  12 centaur warriors
  2 peacekeepers
  4 ogre magi
  3 ghost crabs
  7 alligators
  5 anacondas
  8 boulder beetles
  11 two-headed ogres
  7 death knights
  3 deep troll shamans
  9 naga warriors
  A hell hog (Depths:1)
  5 ironbound frosthearts
  8 tengu warriors
  7 spriggan berserkers
  2 occultists (Depths:1)
  4 deep troll earth magi
  25 dancing weapons
  10 vampire magi
  6 shock serpents
  3 orc high priests
  3 holy swine (Abyss:3)
  3 sun demons
  13 deep elf knights
  A storm dragon zombie (Depths:1)
  4 soul eaters
  8 naga sharpshooters
  20 hell knights
  A titan skeleton (Depths:1)
  A skyshark (Lair:2)
  13 skeletal warriors
  21 spriggans
  A wretched star (Abyss:3)
  A spectral spark wasp (Depths:1)
  4 iron trolls
  2 goliath frogs
  57 deep trolls
  2 shadow wraiths
  A spatial maelstrom (Abyss:3)
  3 salamander mystics
  6 spriggan druids
  A swamp dragon (shapeshifter) (D:15)
  10 bog bodies
  An orange crystal statue (Depths:3)
  4 glowing orange brains
  4 flayed ghosts
  6 arcanists
  8 swamp dragons
  A tengu zombie (Depths:1)
  8 mana vipers
  5 naga ritualists
  14 orc knights
  16 ironbound convokers
  10 lindwurms
  11 phantasmal warriors
  8 deep elf archers
  A golden dragon skeleton (Crypt:1)
  34 deep elf pyromancers
  A frost giant zombie (Depths:1)
  24 deep elf zephyrmancers
  14 necromancers
  A wolf spider (shapeshifter) (Vaults:5)
  9 orc sorcerers
  A fire giant zombie (Vaults:4)
  22 ugly things
  An alligator zombie (Crypt:2)
  A jorogumo skeleton (Crypt:2)
  2 stone giant zombies (Crypt:1)
  An iron dragon skeleton (Abyss:3)
  A salamander (shapeshifter) (Vaults:2)
  2 manticores (D:12)
  22 moths of wrath
  A moth of wrath (shapeshifter) (Vaults:5)
  14 salamanders
  5 cyclopes
  5 will-o-the-wisps
  A meliai (shapeshifter) (Vaults:5)
  A worldbinder (Abyss:3)
  An elephant (shapeshifter) (Vaults:5)
  3 kobold blastminers
  A frost giant skeleton (Depths:1)
  9 naga magi
  3 smoke demons
  26 black mambas
  A draconian skeleton (Crypt:1)
  An eleionoma skeleton (Crypt:2)
  2 apocalypse crabs (Abyss:3)
  A formless jellyfish zombie (Crypt:1)
  3 guardian serpents
  A stone giant skeleton (Vaults:4)
  26 cane toads
  A cane toad (shapeshifter) (D:13)
  13 vault sentinels
  3 large abominations (Abyss:3)
  4 kobold demonologists
  A naga zombie (Crypt:1)
  A torpor snail (Lair:5)
  A komodo dragon (shapeshifter) (Vaults:5)
  A spark wasp simulacrum (Depths:2)
  11 komodo dragons
  14 yaktaurs
  An elf zombie (Vaults:4)
  2 hellions (Abyss:3)
  An unseen horror (D:12)
  3 orange demons (Abyss:3)
  3 rime drakes
  3 efreet
  3 dire elephant skeletons
  A tormentor (D:9)
  6 freezing wraiths
  34 guardian mummies (Crypt:3)
  4 tengu conjurers
  2 golden dragon simulacra (Depths:2)
  A death yak skeleton (Crypt:3)
  7 tyrant leeches
  A shadow dragon simulacrum (Depths:2)
  2 ancient zymes (Abyss:3)
  A tengu simulacrum (Depths:2)
  7 polar bears
  21 hornets
  8 trolls
  A merfolk (shapeshifter) (D:15)
  A wolf spider simulacrum (D:15)
  27 blink frogs
  A hydra skeleton (Abyss:1)
  A harpy skeleton (Abyss:2)
  4 dream sheep (Lair:5)
  A dream sheep (shapeshifter) (Vaults:5)
  A glass eye (Depths:2)
  A tarantella zombie (Crypt:1)
  4 raiju (Abyss:3)
  2 fire dragon skeletons
  An air elemental (Elf:1)
  3 wyverns
  A naga simulacrum (Crypt:1)
  3 shadows
  A deep troll skeleton (Vaults:4)
  A spriggan (shapeshifter) (Elf:1)
  51 yaks
  An ettin skeleton (Crypt:1)
  32 slime creatures
  6 wargs
  8 wraiths
  A yak (shapeshifter) (Vaults:5)
  5 fire elementals
  12 ushabtiu (Crypt:3)
  26 vampire mosquitoes
  5 basilisks
  A fire bat (D:9)
  5 steam dragons
  A neqoxec (Abyss:1)
  4 redbacks
  5 spatial vortices (Abyss:3)
  6 acid dragons
  A harpy simulacrum (Crypt:3)
  A chaos spawn (D:15)
  A skyshark zombie (Crypt:3)
  20 swamp worms
  A small abomination (Abyss:3)
  29 nagas
  2 hell hounds
  A glowing shapeshifter skeleton (Vaults:4)
  2 sky beasts
  20 orc warriors
  20 water moccasins
  4 black bears
  3 ice beasts
  13 laughing skulls
  9 swamp drakes
  14 ogres
  14 boggarts
  24 wolves
  15 centaurs
  An elephant skeleton (Crypt:3)
  3 phantoms
  16 bullfrogs
  8 kobold brigands
  2 gnoll sergeants
  2 glowing shapeshifter simulacra (Depths:1)
  3 earth elementals
  6 scorpions
  A hornet simulacrum (D:14)
  A water moccasin zombie (Crypt:2)
  5 wights (D:10)
  9 killer bees
  3 electric eels
  5 howler monkeys
  A wyvern simulacrum (D:9)
  A gnoll bouda (D:8)
  Crazy Yiuf (D:2)
  7 hounds
  34 orc priests
  Ijyb (D:3)
  3 iguanas
  A basilisk skeleton (Crypt:2)
  A sleepcap (D:7)
  36 orc wizards
  8 hell rats
  A boggart skeleton (Crypt:1)
  A spriggan simulacrum (IceCv)
  3 centaur simulacra
  A tengu skeleton (Crypt:3)
  An acid dragon skeleton (Crypt:3)
  Robin (D:2)
  6 mummies (Crypt:3)
  11 gnolls
  8 adders
  A steam dragon zombie (Crypt:1)
  A ribbon worm zombie (Crypt:2)
  5 white imps
  7 ufetubi
  A jelly zombie (Crypt:1)
  6 ribbon worms
  9 dart slugs
  58 orcs
  7 bats
  15 endoplasms
  16 giant cockroaches
  17 goblins
  11 hobgoblins
  5 jackals
  33 kobolds
  A quokka (D:1)
  12 ball pythons
  15 frilled lizards
  A frilled lizard zombie (Crypt:3)
  A goblin skeleton (Crypt:1)
  An orc zombie (Crypt:1)
  8 rats
  A rat skeleton (Crypt:2)
2257 creatures vanquished.

Vanquished Creatures (others)
  A draconian monk (Zot:3)
  A jiangshi (Crypt:1)
  2 deep elf knights (Elf:1)
  A bog body (Swamp:2)
  2 bloated husks
  A swamp worm (Swamp:2)
  An orc wizard (Orc:2)
  An orc (Orc:2)
  22 foxfires
32 creatures vanquished.

Grand Total: 2289 creatures vanquished

Notes
Turn   | Place    | Note
-------+----------+-------------------------------------------
     0 | D:1      | iamserjio the Merfolk Conjurer began the quest for the Orb.
     0 | D:1      | Reached XP level 1. HP: 13/13 MP: 3/3
   298 | D:1      | Reached skill level 1 in Unarmed Combat
   351 | D:1      | Reached XP level 2. HP: 20/20 MP: 0/5
   409 | D:1      | Learned a level 2 spell: Searing Ray
   544 | D:1      | Reached skill level 1 in Fighting
  1040 | D:1      | Reached XP level 3. HP: 20/26 MP: 2/6
  2274 | D:2      | Found a transporter.
  2274 | D:2      | Found Margha Ire's General Store.
  2285 | D:2      | Found Xot Doal's Magic Scroll Emporium.
  2373 | D:2      | Found Yvvusopt's Book Boutique.
  2373 | D:2      | Noticed a walking divine tome
  2376 | D:2      | Noticed a walking earthen tome
  2389 | D:2      | Found Suenn's Antique Armour Boutique.
  2453 | D:2      | Reached XP level 4. HP: 33/33 MP: 7/7
  2908 | D:2      | Found Niru's Armour Emporium.
  2936 | D:2      | Found a runed translucent door.
  2937 | D:2      | Noticed Crazy Yiuf
  3120 | D:2      | Noticed Robin
  3172 | D:2      | Killed Robin
  3467 | D:2      | Reached XP level 5. HP: 39/39 MP: 8/8
  3619 | D:2      | Learned a level 2 spell: Blink
  3622 | D:2      | Learned a level 2 spell: Call Imp
  3626 | D:2      | Found a transporter.
  3994 | D:2      | Bought a potion of heal wounds for 55 gold pieces
  3994 | D:2      | Bought a scroll of noise for 11 gold pieces
  4072 | D:3      | Found a faded altar of an unknown god.
  4075 | D:3      | Found a shimmering blue altar of Sif Muna.
  4113 | D:3      | Noticed Ijyb
  4122 | D:3      | Killed Ijyb
  4150 | D:3      | Reached skill level 1 in Evocations
  4187 | D:3      | Found a glowing drain.
  4232 | Sewer    | Entered a sewer
  4811 | Sewer    | Reached XP level 6. HP: 47/47 MP: 9/9
  5385 | Sewer    | Reached skill level 5 in Unarmed Combat
  5385 | Sewer    | Reached skill level 1 in Translocations
  5510 | Sewer    | Identified the +6 morningstar "Kaile" {heavy, Fly Int+3
                  | Dex+3 Stlth+}
  5557 | D:3      | You fall into a shaft and drop 1 floor!
  5604 | D:4      | Reached XP level 7. HP: 50/52 MP: 10/10
  5772 | D:2      | Bought a scroll of blinking for 90 gold pieces
  5772 | D:2      | Bought a scroll of teleportation for 36 gold pieces
  5933 | D:3      | Found an iron altar of Okawaru.
  6447 | D:4      | Found a hide-covered altar of Uskayaw.
  6447 | D:4      | Noticed a +0 dagger
  6447 | D:4      | Noticed a +0 short sword
  6447 | D:4      | Noticed a +0 dagger
  6451 | D:4      | Noticed a +0 falchion
  6508 | D:4      | Noticed a +0 falchion
  6559 | D:4      | Noticed a +0 spear
  6560 | D:4      | Noticed a +0 spear
  6560 | D:4      | Noticed a +0 short sword
  7215 | D:5      | Entered Level 5 of the Dungeon
  7349 | D:5      | Reached XP level 8. HP: 41/58 MP: 10/11
  8624 | D:6      | Found an ornate altar of the Wu Jian Council.
  8643 | D:6      | Found a burning altar of Makhleb.
  8660 | D:6      | Found a staircase to the Ecumenical Temple.
  8811 | D:6      | Found a sacrificial altar of Ru.
  8855 | Temple   | Entered the Ecumenical Temple
  8868 | Temple   | Became a worshipper of Dithmenos the Shadowed
  9102 | D:7      | Reached skill level 5 in Fighting
  9207 | D:7      | Reached XP level 9. HP: 68/68 MP: 12/12
  9675 | D:7      | Got the Volume of Jinxing
 10043 | D:7      | Reached skill level 1 in Shields
 10947 | D:8      | Noticed a two-headed ogre
 11007 | D:7      | Reached skill level 10 in Unarmed Combat
 11483 | D:8      | Killed a two-headed ogre
 11484 | D:8      | Reached XP level 10. HP: 54/79 MP: 13/13
 11965 | D:9      | Reached * piety under Dithmenos
 11982 | D:9      | Found a staircase to the Orcish Mines.
 11982 | D:9      | Found a flagged portal.
 12014 | Bailey   | Entered a bailey
 12248 | Bailey   | Noticed an orc knight
 12264 | Bailey   | Killed an orc knight
 12606 | Bailey   | Found an iron altar of Okawaru.
 12612 | Bailey   | Identified the +1 fire dragon scales of Lenotzam {rF++ rC-
                  | Str+3 Int-3 Stlth+}
 12741 | D:9      | Found a shimmering altar of Xom.
 12990 | D:9      | Reached ** piety under Dithmenos
 12997 | D:9      | Reached skill level 5 in Dodging
 13510 | D:9      | Noticed a boulder beetle
 13521 | D:9      | Killed a boulder beetle
 13629 | D:9      | Found a basalt altar of Yredelemnul.
 13669 | D:9      | Reached XP level 11. HP: 70/89 MP: 11/14
 13853 | D:9      | Found a radiant altar of Vehumet.
 14284 | D:9      | Found a staircase to the Lair.
 14505 | D:2      | Killed Crazy Yiuf
 14681 | D:10     | Entered Level 10 of the Dungeon
 15306 | D:10     | Reached skill level 5 in Shields
 15590 | D:10     | Identified the +11 short sword of Teikukk {heavy, *Rage
                  | Will+ SInv}
 15797 | D:11     | Noticed a tengu warrior
 15837 | D:11     | Killed a tengu warrior
 16313 | D:11     | Reached *** piety under Dithmenos
 16478 | D:11     | Noticed a cyclops
 16487 | D:11     | Killed a cyclops
 16738 | D:11     | Reached skill level 5 in Shapeshifting
 16795 | D:11     | Identified 2 scrolls of acquirement
 16795 | D:11     | Acquired a manual of Unarmed Combat
 16796 | D:11     | Acquired 794 gold pieces
 16844 | D:11     | Noticed a cyclops
 16893 | D:11     | Killed a cyclops
 16936 | D:11     | Found Inuocuam's General Store.
 16946 | D:11     | Bought a wand of light (4) for 218 gold pieces
 16946 | D:11     | Bought a scroll of enchant armour for 97 gold pieces
 16946 | D:11     | Bought a wand of digging (6) for 327 gold pieces
 16946 | D:11     | Bought a potion of cancellation for 104 gold pieces
 16946 | D:11     | Bought a scroll of identify for 26 gold pieces
 17006 | D:11     | Noticed a two-headed ogre
 17014 | D:11     | Killed a two-headed ogre
 17283 | D:11     | Learned a level 1 spell: Apportation
 17287 | D:11     | Learned a level 3 spell: Passwall
 17447 | D:2      | Bought a pair of gloves for 117 gold pieces
 17447 | D:2      | Bought a shimmering scale mail for 234 gold pieces
 17447 | D:2      | Identified the +0 scale mail of Slovenliness {rC+ Str+3}
                  | (You bought it in a shop on level 2 of the Dungeon)
 17638 | D:2      | Bought a +2 ring mail of willpower for 231 gold pieces
 17802 | Lair:1   | Entered Level 1 of the Lair of Beasts
 17956 | Lair:1   | Reached XP level 12. HP: 92/95 MP: 15/15
 18394 | Lair:1   | Reached skill level 10 in Fighting
 19127 | Lair:2   | Reached **** piety under Dithmenos
 19196 | Lair:2   | Found a frozen archway.
 19223 | IceCv    | Entered an ice cave
 19977 | Lair:2   | Noticed a skyshark
 19995 | Lair:2   | Killed a skyshark
 19996 | Lair:2   | Reached skill level 15 in Unarmed Combat
 20843 | Lair:3   | Found a dark tunnel.
 20850 | Volcano  | Entered a volcano
 20924 | Volcano  | Reached XP level 13. HP: 69/106 MP: 16/16
 20933 | Volcano  | Reached skill level 10 in Shapeshifting
 21305 | Volcano  | Noticed a fire dragon
 21318 | Volcano  | Killed a fire dragon
 21539 | Lair:3   | Reached ***** piety under Dithmenos
 22078 | Lair:3   | Reached skill level 10 in Dodging
 22709 | Lair:3   | Found a staircase to the Swamp.
 23008 | Lair:3   | Found a staircase to the Snake Pit.
 23505 | Lair:4   | You fall into a shaft and drop 1 floor!
 23505 | Lair:5   | Entered Level 5 of the Lair of Beasts
 23949 | Lair:4   | Found a staircase to the Slime Pits.
 24259 | Lair:4   | Reached XP level 14. HP: 116/116 MP: 17/17
 25692 | Lair:5   | Reached ****** piety under Dithmenos
 27869 | D:2      | Bought a scroll of identify for 22 gold pieces
 27869 | D:2      | Bought a scroll of identify for 22 gold pieces
 27869 | D:2      | Bought a scroll of identify for 22 gold pieces
 28216 | D:12     | Reached skill level 1 in Invocations
 29328 | D:13     | Noticed Erolcha
 29345 | D:13     | Killed Erolcha
 29346 | D:13     | Reached XP level 15. HP: 116/127 MP: 16/18
 29728 | D:13     | Reached skill level 15 in Fighting
 29924 | D:13     | Noticed Snorg
 29935 | D:13     | Killed Snorg
 30283 | D:13     | Found a gate to the Vaults.
 30962 | D:13     | Found an ornate altar of the Wu Jian Council.
 31772 | D:14     | Learned a level 2 spell: Lesser Beckoning
 31776 | D:14     | Learned a level 3 spell: Ozocubu's Armour
 31781 | D:14     | Learned a level 4 spell: Manifold Assault
 32648 | D:15     | Entered Level 15 of the Dungeon
 32699 | D:15     | Reached skill level 1 in Ice Magic
 33130 | D:15     | Found a radiant altar of Vehumet.
 33703 | Orc:1    | Entered Level 1 of the Orcish Mines
 33703 | Orc:1    | Found Raroh's Book Shoppe.
 33705 | Orc:1    | Found Olaowal's Antique Armour Emporium.
 34094 | Orc:1    | Found Arghirhuv's Jewellery Shop.
 34211 | Orc:2    | Entered Level 2 of the Orcish Mines
 34420 | Orc:1    | Found Amaeklyi's Distillery.
 34450 | Orc:1    | Bought a potion of berserk rage for 80 gold pieces
 34450 | Orc:1    | Bought a potion of degeneration for 16 gold pieces
 34450 | Orc:1    | Bought a potion of lignification for 48 gold pieces
 34450 | Orc:1    | Bought a potion of enlightenment for 80 gold pieces
 34450 | Orc:1    | Bought a potion of brilliance for 64 gold pieces
 35069 | Orc:2    | Found Cistrolad's Weapon Shoppe.
 35069 | Orc:2    | Found Wixaac's Armour Shoppe.
 35070 | Orc:2    | Found Zeavog's Magic Scroll Emporium.
 35075 | Orc:2    | Found Wenwemon's Jewellery Emporium.
 35080 | Orc:2    | Bought a scroll of teleportation for 45 gold pieces
 35080 | Orc:2    | Bought a scroll of teleportation for 45 gold pieces
 35204 | Orc:2    | Found Nint's Jewellery Emporium.
 35208 | Orc:2    | Bought a ring of willpower for 275 gold pieces
 35449 | Orc:2    | Reached XP level 16. HP: 133/138 MP: 21/21
 35668 | Orc:2    | Found a staircase to the Elven Halls.
 35754 | Orc:1    | Found Hyos's Distillery.
 35871 | Orc:1    | Bought a potion of haste for 130 gold pieces
 35871 | Orc:1    | Bought a potion of curing for 39 gold pieces
 35935 | Elf:1    | Entered Level 1 of the Elven Halls
 38577 | Elf:1    | Paralysed by an air elemental for 1 turns
 38711 | Elf:1    | Reached skill level 5 in Spellcasting
 39708 | Elf:1    | Found Kizuxy's Book Shoppe.
 39708 | Elf:1    | Found Letasad's Jewellery Boutique.
 39709 | Elf:1    | Found Tiup's Jewellery Boutique.
 39715 | Elf:1    | Bought a dragon-blood talisman for 720 gold pieces
 40454 | Elf:1    | Found Letasad's Jewellery Boutique.
 40455 | Elf:1    | Found Kizuxy's Book Shoppe.
 40456 | Elf:1    | Found Tiup's Jewellery Boutique.
 40966 | Elf:2    | Found a gateway to a bazaar.
 41068 | Elf:2    | Found Kowkeo Muxus's Assorted Antiques.
 41473 | Elf:2    | Found a runed translucent gate.
 41484 | Elf:2    | Found a runed translucent gate.
 41485 | Elf:2    | Found a runed translucent gate.
 41595 | Elf:2    | Found Hezul's Weapon Shop.
 41757 | Elf:3    | Entered Level 3 of the Elven Halls
 41765 | Elf:3    | Found Inujoref's Weapon Shop.
 42309 | Elf:3    | Identified the serpent talisman of the Dice {rC+ Will+}
 42309 | Elf:3    | Noticed Aizul
 42323 | Elf:3    | Killed Aizul
 42324 | Elf:3    | Reached XP level 17. HP: 149/149 MP: 25/25
 42743 | Elf:3    | Noticed a deep elf master archer
 42757 | Elf:3    | Killed a deep elf master archer
 42834 | Elf:3    | Noticed a deep elf blademaster
 42848 | Elf:3    | Reached skill level 15 in Shapeshifting
 42859 | Elf:3    | Killed a deep elf blademaster
 43112 | Elf:3    | Noticed a deep elf blademaster
 43120 | Elf:3    | Noticed a deep elf master archer
 43126 | Elf:3    | Killed a deep elf master archer
 43450 | Elf:3    | Killed a deep elf blademaster
 43624 | Elf:3    | Noticed a deep elf master archer
 43638 | Elf:3    | Killed a deep elf master archer
 43978 | Elf:3    | Identified the +8 great sword "Dokk" {freeze, *Noise Will+
                  | SInv}
 44029 | Elf:3    | Noticed a deep elf master archer
 44045 | Elf:3    | Killed a deep elf master archer
 44546 | Elf:3    | Identified the +0 pair of gloves of Peplit {Rampage rElec
                  | Dex+3}
 44559 | Elf:3    | Identified the +11 executioner's axe "Hydraslayer" {elec,
                  | rC+ Str+6 Dex-4}
 44681 | Elf:3    | Noticed a deep elf blademaster
 44690 | Elf:3    | Noticed a deep elf master archer
 44692 | Elf:3    | Killed a deep elf blademaster
 44697 | Elf:3    | Killed a deep elf master archer
 44872 | Elf:3    | Identified the +1 war axe of Ypsuma {protect, +Blink rPois
                  | Str-2 Dex+2}
 45303 | Elf:1    | Bought an amulet of regeneration for 510 gold pieces
 45678 | Swamp:1  | Entered Level 1 of the Swamp
 45967 | Swamp:1  | Found an ancient bone altar of Kikubaaqudgha.
 47231 | Swamp:3  | Reached XP level 18. HP: 158/158 MP: 18/26
 48324 | Swamp:4  | Entered Level 4 of the Swamp
 48779 | Swamp:4  | Noticed Mara
 48805 | Swamp:4  | Noticed iamserjio's illusion
 48814 | Swamp:3  | Noticed iamserjio's illusion
 48832 | Swamp:3  | Killed Mara
 49003 | Swamp:4  | Noticed Mlioglotl
 49380 | Swamp:4  | Killed Mlioglotl
 49438 | Swamp:4  | Identified the +1 hand axe of Domination {heavy, *Corrode
                  | Dex+4}
 50223 | Swamp:4  | Reached skill level 5 in Stealth
 50254 | Swamp:4  | Got a decaying rune of Zot
 50354 | Swamp:4  | Reached skill level 5 in Evocations
 50439 | Swamp:4  | Learned a level 4 spell: Passage of Golubria
 50559 | Snake:1  | Entered Level 1 of the Snake Pit
 51998 | Snake:2  | Found Setrooqo's Assorted Antiques.
 52005 | Snake:2  | Bought 2 potions of might for 224 gold pieces
 52005 | Snake:2  | Bought a potion of curing for 84 gold pieces
 52022 | Snake:2  | Reached XP level 19. HP: 170/170 MP: 27/27
 53650 | Snake:4  | Entered Level 4 of the Snake Pit
 54114 | Snake:4  | Found Wotean's Jewellery Boutique.
 55787 | Snake:4  | Got a serpentine rune of Zot
 56413 | Snake:4  | Learned a level 4 spell: Vhi's Electric Charge
 56419 | Snake:4  | Learned a level 5 spell: Irradiate
 56868 | Elf:1    | Bought the ring of Ithogit {*Slow rElec rC+ rCorr} for 663
                  | gold pieces
 57240 | D:15     | Found a staircase to the Depths.
 57322 | Vaults:1 | Entered Level 1 of the Vaults
 58084 | Vaults:1 | Reached XP level 20. HP: 182/182 MP: 28/30
 59507 | Vaults:1 | Acquired 950 gold pieces
 61651 | Vaults:2 | Found a staircase to the Crypt.
 61725 | Vaults:2 | Noticed Saint Roka
 61806 | Vaults:2 | Killed Saint Roka
 62466 | Vaults:2 | Reached skill level 5 in Ice Magic
 63075 | Vaults:2 | Reached skill level 1 in Earth Magic
 63537 | Vaults:2 | Noticed Mennas
 63557 | Vaults:2 | Killed Mennas
 64040 | Vaults:3 | Reached XP level 21. HP: 189/189 MP: 27/33
 64368 | Vaults:3 | Reached skill level 5 in Translocations
 65149 | Vaults:3 | Found a portal to a secret trove of treasure.
 66501 | Bazaar   | Entered a bazaar
 66522 | Bazaar   | Found Peur Rul's Jewellery Emporium.
 66522 | Bazaar   | Found Xakij's Armour Shoppe.
 66543 | Bazaar   | Found Plog's Distillery.
 66548 | Bazaar   | Bought a potion of curing for 27 gold pieces
 66548 | Bazaar   | Bought a potion of curing for 27 gold pieces
 66548 | Bazaar   | Bought 2 potions of cancellation for 144 gold pieces
 66548 | Bazaar   | Bought a potion of curing for 27 gold pieces
 66548 | Bazaar   | Bought a potion of cancellation for 72 gold pieces
 66548 | Bazaar   | Bought a potion of curing for 27 gold pieces
 66559 | Bazaar   | Found Azaxzasi's Antique Weapon Emporium.
 66664 | Bazaar   | Bought the +1 cloak of Starlight {*Dazzle EV+4 Stlth--} for
                  | 244 gold pieces
 66664 | Bazaar   | Found the +1 cloak of Starlight {*Dazzle EV+4 Stlth--}
 66685 | Bazaar   | Bought the amulet "Manoul" {Spirit rElec Will+ rCorr Str-4}
                  | for 889 gold pieces
 68007 | Vaults:4 | Found Irhip's Antique Weapon Shop.
 69399 | Depths:1 | Entered Level 1 of the Depths
 69488 | Depths:1 | Found a one-way gate to the infinite horrors of the Abyss.
 69721 | Depths:1 | Found a burning altar of Makhleb.
 69731 | Depths:1 | Found a glowing golden altar of the Shining One.
 69940 | Depths:1 | Found a one-way gate leading to the halls of Pandemonium.
 70380 | Depths:1 | Found a gateway to Hell.
 71339 | Vaults:3 | You paid a toll of a +6 demon blade to enter a treasure
                  | trove
 71340 | Trove    | Entered a treasure trove
 71347 | Trove    | Identified the ring "Loefairoe" {rElec rF+}
 71715 | Depths:2 | Noticed a caustic shrike
 71952 | Depths:1 | Killed a caustic shrike
 71953 | Depths:1 | Reached XP level 22. HP: 196/196 MP: 22/34
 72424 | Depths:2 | Noticed a juggernaut
 72435 | Depths:2 | Killed a juggernaut
 72448 | Depths:2 | Reached skill level 10 in Ice Magic
 72816 | Depths:2 | Noticed a juggernaut
 72825 | Depths:2 | Killed a juggernaut
 72833 | Depths:2 | Noticed a juggernaut
 72842 | Depths:2 | Killed a juggernaut
 73094 | Depths:2 | Noticed Grunn
 73098 | Depths:2 | Identified the ring "Asish" {Ice rPois MP+9}
 73098 | Depths:2 | Noticed Josephina
 73144 | Depths:2 | Killed Josephina
 73169 | Depths:2 | Killed Grunn
 73442 | Depths:2 | Found a white marble altar of Elyvilon.
 73966 | Depths:3 | Found a transporter.
 74138 | Depths:3 | Reached skill level 10 in Shields
 74871 | Depths:3 | Reached skill level 10 in Translocations
 75148 | Depths:3 | Found a runed translucent door.
 75148 | Depths:3 | Found a one-way gateway to a ziggurat.
 75162 | Depths:3 | Found a transporter.
 76165 | Depths:3 | Identified the staff of Absolution {rElec Tloc Air}
 76237 | Depths:3 | Noticed a juggernaut
 76262 | Depths:3 | Killed a juggernaut
 76263 | Depths:3 | Reached skill level 1 in Air Magic
 76306 | Depths:3 | Noticed a caustic shrike
 76310 | Depths:3 | Noticed a golden dragon
 76315 | Depths:3 | Killed a golden dragon
 76317 | Depths:3 | Noticed a juggernaut
 76653 | Depths:4 | Entered Level 4 of the Depths
 76665 | Depths:4 | Paralysed by a Zot trap for 3 turns
 77285 | Depths:4 | Reached XP level 23. HP: 203/203 MP: 31/36
 77774 | Depths:4 | Found a glowing golden altar of the Shining One.
 78527 | Depths:4 | Reached skill level 10 in Spellcasting
 78549 | Depths:4 | Found a gate to the Realm of Zot.
 78913 | Depths:4 | Noticed Sojobo
 78934 | Depths:4 | Killed Sojobo
 80701 | Elf:1    | Bought the ring of the Hare {EV+10} for 2176 gold pieces
 80701 | Elf:1    | Found the ring of the Hare {EV+10}
 80839 | Orc:2    | Bought a scroll of teleportation for 45 gold pieces
 80839 | Orc:2    | Bought a scroll of fog for 60 gold pieces
 80839 | Orc:2    | Bought a scroll of teleportation for 45 gold pieces
 80930 | Elf:2    | Bought a potion of haste for 330 gold pieces
 80930 | Elf:2    | Bought a potion of curing for 99 gold pieces
 81191 | Vaults:5 | Entered Level 5 of the Vaults
 81345 | Vaults:5 | Identified the +5 scale mail of Qosogue {-Tele Harm Will++
                  | MP+9}
 81637 | Vaults:5 | Reached XP level 24. HP: 139/214 MP: 38/38
 81807 | Vaults:5 | Identified the +5 rapier of Brawling {heavy, MP+9 Dex+5}
 81854 | Vaults:5 | Identified the ring of the Delightful Pear {rElec Will+
                  | Int-4 Dex+3}
 82976 | Vaults:5 | Got a silver rune of Zot
 83057 | Vaults:5 | Found the +3 warlock's mirror {omnireflect}
 83313 | Vaults:5 | Identified the +4 scale mail of the Skies Above {Str+2}
 84536 | Crypt:1  | Entered Level 1 of the Crypt
 85042 | Crypt:1  | You are sucked into a shaft and drop 1 floor!
 85070 | Crypt:2  | Noticed Vv
 85072 | Crypt:2  | Identified the orb "Jogioc" {*channel, rC+ Str+4}
 85072 | Crypt:2  | Noticed Frederick
 85111 | Crypt:1  | Noticed Boris
 86008 | Elf:1    | Bought a manual of Dodging for 960 gold pieces
 86370 | Crypt:1  | Killed Boris
 86933 | Crypt:2  | Killed Frederick
 87417 | Crypt:2  | Reached XP level 25. HP: 172/223 MP: 32/39
 87421 | Crypt:2  | Reached skill level 15 in Dodging
 87940 | Crypt:3  | Entered Level 3 of the Crypt
 88471 | Crypt:3  | Noticed Bai Suzhen
 88480 | Crypt:3  | Killed Bai Suzhen
 88650 | Crypt:3  | Found a staircase to the Tomb.
 88968 | Crypt:3  | Reached skill level 10 in Stealth
 89264 | Crypt:3  | Noticed a royal mummy
 89278 | Crypt:3  | Killed a royal mummy
 89574 | Crypt:3  | Found the +8 autumn katana {manifold assault}
 90111 | Crypt:3  | Identified the staff of Voxzuedi {rF+ rC+ Ice}
 90111 | Crypt:3  | Identified the death talisman of the Guilds {Int+3}
 90131 | Crypt:3  | Identified the staff of Mairgh {Int+3 SInv Earth}
 90135 | Crypt:3  | Identified the ring of Caruunad {rN+ Str+2 Int-3 Slay+6
                  | Stlth+}
 90135 | Crypt:3  | Identified the ring "Uzoy" {rElec rPois rN+ rCorr Dex-5}
 90135 | Crypt:3  | Identified the ring of the Stallion {rF+++ rN+ Str+5}
 90167 | Crypt:3  | Identified the +7 battleaxe of Stickiness {drain, rN+ Will+
                  | Str+3 Int-5}
 91114 | Depths:1 | Voluntarily entered the Abyss.
 91114 | Abyss:1  | Found a corrupted altar of Lugonu.
 91301 | Abyss:3  | Found a corrupted altar of Lugonu.
 91321 | Abyss:3  | Found a corrupted altar of Lugonu.
 91609 | Abyss:3  | Found a shimmering altar of Xom.
 91611 | Abyss:3  | Got an abyssal rune of Zot
 91633 | Depths:1 | Escaped the Abyss
 91798 | Zot:1    | Entered Level 1 of the Realm of Zot
 91838 | Zot:1    | Reached skill level 10 in Evocations
 92699 | Orc:1    | Bought a potion of mutation for 104 gold pieces
 92699 | Orc:1    | Bought a potion of magic for 104 gold pieces
 92790 | Elf:1    | Bought the ring "Xedd" {rF+ Int+4 SInv} for 535 gold pieces
 92790 | Elf:1    | Bought a ring of protection from fire for 300 gold pieces
 93652 | Zot:2    | Identified the ring "Haciamut" {Fly Str+6 Int-5 Slay+4}
 94014 | Zot:2    | Noticed an orb of fire
 94653 | Zot:3    | Reached XP level 26. HP: 170/231 MP: 29/39
 94823 | Zot:3    | Noticed an orb of fire
 94870 | Zot:3    | Gained mutation: You are partially covered in iridescent
                  | scales. (AC +2) [an orb of fire]
 94880 | Zot:3    | Killed an orb of fire
 94895 | Zot:3    | Reached skill level 5 in Invocations
 95353 | Zot:3    | Noticed a Killer Klown
 95379 | Zot:3    | Killed a Killer Klown
 96145 | Zot:3    | Identified the +0 robe of Cero {+Blink rN+++ Dex-2 Slay-6}
 96184 | Zot:3    | You are sucked into a shaft and drop 1 floor!
 97202 | Zot:4    | Reached skill level 10 in Invocations
 97583 | Zot:5    | Entered Level 5 of the Realm of Zot
 98197 | Zot:5    | Noticed an ancient lich
 98221 | Zot:5    | Reached XP level 27. HP: 238/238 MP: 39/39
 98225 | Zot:5    | Killed an ancient lich
 98231 | Zot:5    | Noticed an ancient lich
 98238 | Zot:5    | Killed an ancient lich
 98239 | Zot:5    | Noticed an orb of fire
 98239 | Zot:5    | Noticed an orb of fire
 98248 | Zot:5    | Killed an orb of fire
 98255 | Zot:5    | Killed an orb of fire
 98280 | Zot:5    | Noticed an orb of fire
 98286 | Zot:5    | Gained mutation: You are vulnerable to heat. (rF-) [an orb
                  | of fire]
 98289 | Zot:5    | Killed an orb of fire
 98295 | Zot:5    | Noticed a dread lich
 98298 | Zot:5    | Killed a dread lich
 98728 | Zot:5    | Reached skill level 15 in Stealth
 98938 | Zot:5    | Got the Orb of Zot
 99054 | Depths:4 | Noticed a seraph
 99543 | D:$      | Escaped with the Orb!

Illustrated notes

Levels and vault maps discovered:
D:1:      matt_arrival_spirals, layout_basic, minmay_tree_intersection
D:2:      minmay_razor_zed, layout_loops_ring, serial_shops, shop,
          nicolae_shop_mannequins, shop, nicolae_shop_drivethru, shop,
          minmay_domino_4, uniq_robin, uniq_crazy_yiuf_cottage
D:3:      layout_rooms, okawaru_gym_becter, nicolae_overflow_ecumenical_swirl,
          cheibrodos_sewer_entry_drain, uniq_ijyb
D:4:      layout_basic, nicolae_uskayaw_en_pointe
D:5:      layout_rooms
D:6:      nicolae_cairo_tiling, layout_cave_pools,
          nicolae_ru_the_path_less_chosen, mainiacjoe_overflow_catwalk_spiral,
          temple_fountains
D:7:      layout_basic
D:8:      layout_loops_ring
D:9:      layout_roguey, regret_index_xom_of_box, lemuel_doored_altar,
          overflow_temple_1_default, lair_entry_dummy, orc_david_3,
          enter_bailey_2, serial_ice, serial_ice_a, serial_ice_k, serial_ice_b,
          serial_ice_e, serial_ice_m, serial_ice_f, serial_ice_d
D:10:     layout_loops_ring, kennysheep_small_circle
D:11:     layout_loops_ring, serial_shops, nicolae_lakefront_shop, st_stairs_12,
          nicolae_letterblocks [nicolae_letter_subblock,
          nicolae_letter_subblock, nicolae_letter_subblock,
          nicolae_letter_subblock, nicolae_letter_subblock,
          nicolae_letter_subblock, nicolae_letter_subblock,
          nicolae_letter_subblock, nicolae_letter_subblock,
          nicolae_letter_subblock, nicolae_letter_subblock,
          nicolae_letter_subblock, nicolae_letter_subblock,
          nicolae_letter_subblock, nicolae_letter_subblock,
          nicolae_letter_subblock, nicolae_letter_subblock,
          nicolae_letter_subblock, nicolae_letter_subblock,
          nicolae_letter_subblock, nicolae_letter_subblock,
          nicolae_letter_subblock, nicolae_letter_subblock,
          nicolae_letter_subblock, nicolae_letter_subblock]
D:12:     layout_irregular_city, minmay_bent
D:13:     layout_stronghold, lightli_vaults_fourway_checkpoint,
          nzn_wu_jian_council_hall, uniq_snorg, uniq_erolcha
D:14:     layout_rooms, drop_trap
D:15:     gammafunk_enter_depths_forms, layout_basic, vehumet_crystals
Temple:   dshaligram_water_room_temple
Lair:1:   layout_regular_city, small_statue_intersection, grunt_megastairs_3,
          lemuel_fruit_fields
Lair:2:   layout_cave_pods, portal_ice_cave_rime
Lair:3:   layout_regular_city, mainiacjoe_swamp_entry_angry_trees,
          minmay_snake_entry_six_corridors, lightli_volcano_entry_magma_tube
Lair:4:   layout_loops_ring, minmay_slime_entry_oklob_open
Lair:5:   minmay_lair_end_frog_pond, layout_cellular_growth, pond
Swamp:1:  layout_basic_swamp, nicolae_swamp_godswood,
          infiniplex_staircase_pool_2, nicolae_swamp_tree_isthmus
Swamp:2:  layout_falls_marsh, nicolae_swamp_big_swirl, infiniplex_staircase_pool
Swamp:3:  layout_falls_marsh, evilmike_swamp_ruin_house_3
Swamp:4:  swamp, layout_basic_swamp, uniq_mara, uniq_mlioglotl
Snake:1:  layout_gridlike, special_room
Snake:2:  layout_chambers, serial_shops, shop, st_stairs_13,
          nicolae_elevator_lobby_asterisk
Snake:3:  cheibrodos_forgotten_conduit, layout_gridlike
Snake:4:  hellmonk_snake_rune_quicksilver_temple, layout_chambers, special_room,
          minmay_shop_star
Orc:1:    layout_diamond_mine, serial_shops, nicolae_lakefront_shop,
          nicolae_shop_hallway_plus, shop, shop, nicolae_shop_trees
Orc:2:    st_orc_mages, layout_caves, serial_shops,
          nicolae_shop_back_alley_shop, library_closet, minmay_orc_temple_a
Elf:1:    elf_arrival_001, layout_loops_cross, minmay_elf_crystal_hexagon,
          eino_tiny_chamber, minmay_shop_grove
Elf:2:    elven_hall_of_blades_hangedman_original
          [nicolae_blade_entry_diamond_columns], layout_geoelf_octagon,
          serial_shops, bzr_firewalk,
          nicolae_shop_temple_entry_statues_fountains, shop
Elf:3:    minmay_elf_hall, layout_loops_corners, serial_shops,
          nicolae_shop_bloodbath_and_beyond, uniq_aizul
Vaults:1: nicolae_vaults_little_squares_2, grunt_vaults_focal,
          ontoclasm_vaults_idyll, nicolae_vaults_little_squares_4,
          nicolae_vaults_house_1, nicolae_vaults_house_2,
          nicolae_vaults_six-pack, nicolae_vaults_library_corner,
          vaults_room_fours, layout_vaults_omnigrid
Vaults:2: nicolae_vaults_little_ls, minmay_crypt_entry_simple_statues, st_eye,
          v_pattern_2, nicolae_vaults_trapezoid_lopsided_3, vaults_room_octagon,
          v_misc_26, nicolae_vaults_little_squares_4,
          nicolae_vaults_tetromino_T_2, vaults_room_pools, v_misc_24,
          minmay_orc_keep, nicolae_vaults_angled_halls, v_alt_pattern_1,
          hangedman_vaults_hat, nicolae_vaults_closet_pinwheel_4,
          ontoclasm_vaults_decontamination, layout_vaults_omnibox, uniq_mennas,
          uniq_saint_roka
Vaults:3: v_misc_19, v_misc_29, nicolae_vaults_double_plus_2,
          grunt_vaults_twisty, nicolae_vaults_big_angled_halls, v_alt_pattern_5,
          ontoclasm_vaults_ring_square, vaults_room_hallway,
          nicolae_vaults_rhombus_6, hangedman_vaults_slither,
          vaults_dpeg_diagonal, nicolae_vaults_little_squares_6,
          layout_vaults_maze, enter_trove_3
Vaults:4: vaults_room_fancy_cross, v_alt_pattern_1, ontoclasm_vaults_eye,
          nicolae_vaults_shrinking_rooms_2, nicolae_vaults_border_crossing,
          nicolae_vaults_network_periphery, nicolae_vaults_tetromino_L_2,
          layout_vaults_chaotic_city, serial_shops, nicolae_diamond_shop
Vaults:5
Crypt:1:  layout_chaotic_city, grunt_megastairs_2, grunt_crypt_arrival_webbed,
          roderic_lattice_octagonal_star, uniq_boris
Crypt:2:  layout_regular_city, uniq_vv, uniq_frederick
Crypt:3:  due_elkab, layout_chaotic_city, tomb_entry_simple_bobbens,
          nicolae_crypt_lounge_for_the_living, uniq_bai_suzhen
Depths:1: layout_cave_shapes, nicolae_cairo_tiling_very_big,
          grunt_mini_vestibule, grunt_pan_entry_zigzag,
          nicolae_abyss_entry_one_way_or_another, nzn_life_drinkers
Depths:2: minmay_crescents, layout_cave_pools, grunt_pan_entry_sceptre,
          grunt_hell_entry_dis_grunt, elyvilon_altar_5,
          hangedman_abyss_entry_splay, uniq_josephina, uniq_grunn
Depths:3: gammafunk_dig_for_victory, layout_gridlike, enter_ziggurat_d,
          abyss_entry, serial_bayou_pond_a, pf_dread_powers_of_hell,
          minmay_crystal_box
Depths:4: evilmike_zot_entry_round, layout_gridville, hangedman_coc_ice_floe,
          tso_metal_star, abyss_entry, kennysheep_random_hallway, uniq_sojobo
Zot:1:    minmay_elemental_castle, layout_misc_corridors, lemuel_baited_zot_trap
Zot:2:    layout_gridlike
Zot:3:    grunt_twist_and_shout, layout_cathedral_of_symmetry
Zot:4:    layout_onion_interference
Zot:5:    layout_misc_corridors

Skill      XL: |  1  2  3  4  5  6  7  8  9 10 11 12 13 14 15 16 17 18 19 20 21 22 23 24 25 26 27 |
---------------+----------------------------------------------------------------------------------+-----
Unarmed Combat | 1 2 3 4 5 6 8 10 11 13 15 17 19 20 21 22 23 24 | 24.0
Fighting       | 1 2 3 5 7 9 11 12 14 16 17 18 20 22 23 24 | 24.0
Evocations     | 1 2 3 4 5 7 10 12 13 | 13.0
Translocations | 1 2 3 4 8 10 11 | 11.0
Shields        | 3 4 5 7 11 | 11.0
Dodging        | 7 9 11 13 14 19 | 19.9
Shapeshifting  | 6 9 12 13 14 18 20 21 22 23 24 | 24.0
Stealth        | 3 6 9 11 13 15 | 15.3
Invocations    | 2 3 10 14 | 14.2
Ice Magic      | 4 6 9 10 | 10.0
Spellcasting   | 3 5 6 8 9 11 12 | 12.0
Earth Magic    | 1 3 |  3.0
Air Magic      | 2 3 |  3.0
Conjurations   | |  3.2

Action                     |  1- 3 |  4- 6 |  7- 9 | 10-12 | 13-15 | 16-18 | 19-21 | 22-24 | 25-27 || total
---------------------------+-------+-------+-------+-------+-------+-------+-------+-------+-------++-------
  Melee: Unarmed           |    14 |    25 |   212 |   861 |  1262 |   859 |   937 |  1109 |  1159 ||  6438
         Dagger            |     1 |       |       |       |       |       |       |       |       ||     1
         Punch             |       |     2 |     6 |       |    15 |    55 |   148 |   166 |   174 ||   566
         Tailslap          |       |       |       |     3 |       |    72 |   179 |   159 |       ||   413
         Constrict         |       |       |       |       |    45 |    59 |       |       |       ||   104
         Bite              |       |       |       |       |       |    58 |   130 |   135 |       ||   323
  Throw: Dart              |       |       |     5 |    12 |       |       |       |       |       ||    17
         Throwing net      |       |       |     1 |     1 |       |       |       |       |       ||     2
   Cast: Magic Dart        |    92 |   171 |    46 |       |       |       |       |       |       ||   309
         Searing Ray       |     2 |    17 |    18 |       |       |       |       |       |       ||    37
         Lesser Beckoning  |       |       |       |       |       |    14 |       |       |       ||    14
         Apportation       |       |       |       |       |       |     2 |       |       |     1 ||     3
         Ozocubu's Armour  |       |       |       |       |       |     1 |     1 |     3 |       ||     5
         Manifold Assault  |       |       |       |       |       |       |     4 |   113 |    78 ||   195
         Blink             |       |       |       |       |       |       |       |     1 |       ||     1
         Passage of Golubr |       |       |       |       |       |       |       |       |     1 ||     1
         Vhi's Electric Ch |       |       |       |       |       |       |       |       |     1 ||     1
         Passwall          |       |       |       |       |       |       |       |       |     2 ||     2
 Invoke: Shadow Step       |       |       |       |       |       |       |       |     1 |       ||     1
Ability: Breathe Fire      |       |       |       |       |       |       |     1 |       |       ||     1
         Blinkbolt         |       |       |       |       |       |       |       |       |     7 ||     7
  Evoke: Wand              |       |     2 |    30 |    17 |    11 |     4 |     3 |     9 |     5 ||    81
         Phial of floods   |       |       |       |       |       |     1 |     1 |     1 |       ||     3
         Tin of tremorston |       |       |       |       |       |       |     2 |     2 |       ||     4
    Use: Scroll            |       |       |       |    24 |    13 |     8 |    15 |    11 |     4 ||    75
         Potion            |       |       |       |     1 |     1 |    11 |     7 |     5 |    10 ||    35
   Stab: Held in net/web   |       |       |     2 |     1 |       |       |       |       |       ||     3
         Paralysed         |       |       |       |     5 |     4 |       |       |       |       ||     9
         Sleeping          |       |       |       |     3 |     3 |    16 |    33 |     9 |    14 ||    78
         Distracted        |       |       |       |     1 |     4 |     4 |     5 |     3 |     5 ||    22
         Invisible         |       |       |       |       |     3 |       |       |     3 |       ||     6
 Armour: Robe              |    15 |    19 |   141 |    69 |       |       |       |       |       ||   244
         Ring mail         |       |       |       |   299 |   464 |    47 |       |       |       ||   810
         Troll leather arm |       |       |       |   110 |       |       |       |       |       ||   110
         Fire dragon scale |       |       |       |    22 |    34 |       |       |       |       ||    56
         Scale mail        |       |       |       |    10 |       |       |       |       |       ||    10
         Skin              |       |       |       |       |    77 |   464 |   554 |   541 |   188 ||  1824
  Dodge: Dodged            |    15 |    33 |   150 |   542 |   702 |   516 |   525 |   576 |   997 ||  4056
  Block: Buckler           |       |       |    22 |   202 |   171 |    15 |       |       |       ||   410
   Form: Blade             |       |       |       |       |     1 |     1 |       |       |       ||     2
                           |       |       |       |       |     1 |     2 |     1 |     1 |       ||     5
         Serpent           |       |       |       |       |     1 |     2 |       |       |       ||     3
         Dragon            |       |       |       |       |       |     2 |     1 |       |       ||     3
         Storm             |       |       |       |       |       |       |       |     1 |       ||     1
